 Dungeon Sprint DCSS version 0.30-a0-830-gfe289a77b0 (webtiles) character file.

Game seed: 1603076650977041139

233 dialectric the Protected (level 6, 4/44 HPs)
             Began as a Gargoyle Fighter on Feb 28, 2023.
             Got out of the dungeon alive.
             The game lasted 00:00:42 (73 turns).

dialectric the Protected (Gargoyle Fighter)           Turns: 73, Time: 00:00:42

Health: 4/44       AC: 12    Str: 17    XL:     6   Next: 4%
Magic:  6/6        EV: 11    Int: -7 (9) God:
Gold:   0          SH:  0    Dex: 11    Spells: 5/5 levels left

rFire   x . .      SeeInvis .    a - +0 long sword
rCold   . . .      Faith    .    (no shield)
rNeg    + . .      Spirit   .    b - +0 scale mail
rPois   ∞          Reflect  .    (no helmet)
rElec   +          Harm     .    (no cloak)
rCorr   .          Rampage  .    (no gloves)
Will    .....      NoTele   +    (no boots) Stlth
                                 (no amulet)
HPRegen 0.27/turn                (no ring)
MPRegen 0.10/turn                (no ring)

@: slowed, lost intelligence, unable to read, very slow
A: sickness immunity, AC +4, negative energy resistance 1, electricity
resistance, torment resistance 1, petrification resistance, weak 1, heat
vulnerability 1, inability to read after injury 1
a: no special abilities


You escaped.
You visited 1 branch

Inventory:

Hand Weapons
 a - a +0 long sword (weapon)
Armour
 b - a +0 scale mail (worn)
 c - a +0 buckler
Scrolls
 j - a scroll of blinking
Potions
 g - a potion of haste
 h - 2 potions of magic


   Skills:
 + Level 7.4 Fighting
 + Level 4.8 Long Blades
 * Level 8.5 Armour
 - Level 4.2 Dodging
 - Level 3.2 Shields


You had 5 spell levels left.
You didn't know any spells.
Your spell library was empty.

Dungeon Overview and Level Annotations

Branches:
Dungeon (1/1)

Altars:


Innate Abilities, Weirdness & Mutations

You are immune to sickness and miasma.
Your stone body is resilient. (AC +4)
You are immune to poison.
You resist negative energy. (rN+)
You are resistant to electric shocks. (rElec)
You are resistant to unholy torment.
You are immune to petrification.
You are weak. (Str -2)
You are vulnerable to heat. (rF-)
You occasionally lose the ability to read scrolls when taking damage.


Message History

The neqoxec gestures at you.
Something tries to feed on your intellect!
The neqoxec hits you but does no damage.
The neqoxec hits you.
* * * LOW HITPOINT WARNING * * *
The neqoxec gestures at you.
Something tries to feed on your intellect!
You can move again.
Unknown command.
Unknown command.
You hit the neqoxec.
The neqoxec is moderately wounded.
The neqoxec barely misses you.
You closely miss the neqoxec.
The neqoxec is moderately wounded.
The neqoxec barely misses you. The neqoxec closely misses you.
You miss the neqoxec.
The neqoxec is moderately wounded.
The neqoxec hits you but does no damage.
The neqoxec barely misses you.
You hit the neqoxec.
The neqoxec is heavily wounded.
The neqoxec gestures at you.
You feel dopey. Something feeds on your intellect! The neqoxec hits you!
You feel threatened and lose the ability to read scrolls!
* * * LOW HITPOINT WARNING * * *
The neqoxec gestures at you.
You feel dopey. Something feeds on your intellect!
You recover from your berserk rage.
There is a staircase leading out of the dungeon here.
Are you sure you want to leave the Dungeon?
This will make you lose the game! The neqoxec gestures at you.
You feel dopey. Something feeds on your intellect! The neqoxec gestures at you.
Something tries to feed on your intellect!
The neqoxec barely misses you.
You have escaped!

### ##
..##3 ###
.$3
#.###3#
#..##3##
+$##†.@.+
##..##.##
#.# #+#
##


You could see 3 neqoxecs.

Vanquished Creatures
  4 scorpions (D)
4 creatures vanquished.

Vanquished Creatures (others)
  A water moccasin (D)
1 creature vanquished.

Grand Total: 5 creatures vanquished

Notes
Turn   | Place    | Note
-------+----------+-------------------------------------------
     0 | D        | dialectric the Gargoyle Fighter began the quest for the
                  | Orb.
     0 | D        | Reached XP level 1. HP: 14/14 MP: 1/1
     9 | D        | Noticed a scorpion
     9 | D        | Noticed a scorpion
     9 | D        | Noticed a scorpion
     9 | D        | Noticed a scorpion
    26 | D        | Killed a scorpion
    27 | D        | Reached skill level 5 in Fighting
    27 | D        | Reached skill level 5 in Armour
    27 | D        | Reached XP level 2. HP: 17/21 MP: 2/2
    27 | D        | Reached XP level 3. HP: 21/26 MP: 3/3
    33 | D        | Killed a scorpion
    34 | D        | Reached skill level 6 in Armour
    34 | D        | Reached XP level 4. HP: 15/32 MP: 4/4
    34 | D        | Reached XP level 5. HP: 17/36 MP: 5/5
    37 | D        | Reached skill level 7 in Armour
    40 | D        | Killed a water moccasin
    41 | D        | Reached skill level 8 in Armour
    41 | D        | Reached XP level 6. HP: 18/44 MP: 6/6
    48 | D        | Noticed a neqoxec
    48 | D        | Noticed a neqoxec
    48 | D        | Noticed a neqoxec
    48 | D        | Noticed a neqoxec
    48 | D        | Gained mutation: You occasionally lose the ability to read
                  | scrolls when taking damage. [a neqoxec]
    50 | D        | Gained mutation: You are weak. (Str -2) [a neqoxec]
    59 | D        | Gained mutation: You are vulnerable to heat. (rF-) [a
                  | neqoxec]
    63 | D        | Lost intelligence.
    73 | D        | Got out of the dungeon alive.

Illustrated notes

Levels and vault maps discovered:
D:        the_violet_keep_of_menkaure [sprint2_stairs_cluster_1,
          sprint2_shoproom, sprint2_temple, sprint2_basic_supplies,
          sprint2_obstacle_6, sprint2_obstacle_7, sprint2_obstacle_4,
          sprint2_obstacle_3, sprint2_obstacle_2, sprint2_timed_cluster_1,
          sprint2_smallroom_cluster_1, sprint2_smallroom_final_cluster_1,
          sprint2_transparent_cluster_1, sprint2_second_timed_cluster_1,
          sprint2_sniper_area_1, sprint2_heavy_combat_area_1,
          sprint2_mutation_trap_area_1, sprint2_forest_area_1,
          sprint2_light_combat_area_1, sprint2_behind_water_1,
          sprint2_near_end_vault_1]

Skill      XL: |  1  2  3  4  5 |
---------------+----------------+-----
Fighting       | 5 6 7 |  7.4
Long Blades    | 2 3 4 |  4.8
Armour         | 5 6 8 |  8.5
Dodging        | 2 3 4 |  4.2
Shields        | |  3.2

Action                     |  1- 3 |  4- 6 || total
---------------------------+-------+-------++-------
  Melee: Long sword        |    21 |    24 ||    45
    Use: Potion            |     3 |     1 ||     4
 Armour: Scale mail        |     8 |    16 ||    24
  Dodge: Dodged            |    10 |    18 ||    28

Table legend: (Time is in decaauts)
 A = Elapsed time spent in this place.
 B = Non-inter-level travel time spent in this place.
 C = Inter-level travel time spent in this place.
 D = Time resting spent in this place.
 E = Time spent auto-exploring this place.
 F = Levels seen in this place.
 G = Mean time per level.
                   A        B        C        D        E       F      G
               +--------+--------+--------+--------+--------+-----+--------+
         Total |     98 |     98 |      0 |      0 |      0 |   1 |   98.0 |
       Dungeon |     98 |     98 |      0 |      0 |      0 |   1 |   98.0 |
               +--------+--------+--------+--------+--------+-----+--------+

Top non-repeatable levels by time:
       D: 98 daAuts
